Wolves vs Knights
(R1)
Created - 16 décembre 2013 at 19:02
Goals
|
| Wolves |
4 |
1 |
2 |
7 |
| Knights |
2 |
0 |
2 |
4 |
|
Shots
|
| Wolves |
16 |
13 |
14 |
43 |
| Knights |
16 |
6 |
12 |
34 |
|
1st period
1. Wolves , Mike Zigomanis 15 (Chris Neil, Willie Mitchell) at 1:33 (PP)
2. Knights , Kyle Greentree 15 (Chris Thorburn, Marco Scandella) at 1:50
3. Wolves , Rich Peverley 21 (Alexander Perezhogin) at 2:29 (PP)
4. Wolves , Chris Neil 18 (Alexander Perezhogin) at 10:43
5. Knights , Chris Thorburn 10 (Nathan Gerbe, Kyle Greentree) at 13:04 (PP)
6. Wolves , Chris Neil 19 (Cody McLeod, Mike Zigomanis) at 19:36
Penalties :
Justin Jokinen (Lon) for Holding (Minor) at 1:19, Nick Palmieri (Lon) for Roughing (Minor) at 1:53, Nick Palmieri (Lon) for Hooking (Minor) at 6:58, Nikita Nikitin (Lon) for Tripping (Minor) at 10:13, Logan MacMillan (Min) for Slashing (Minor) at 10:13, Marc Methot (Min) for Hooking (Minor) at 12:54, Marc-André Gragnani (Min) for High sticking (Minor) at 13:51
2nd period
7. Wolves , Chris Neil 20 (Alexander Perezhogin) at 10:38
Penalties :
Nick Palmieri (Lon) for Hooking (Minor) at 10:32, Geoff Paukovich (Min) for Hooking (Minor) at 10:32, Nathan Gerbe (Lon) for Interference (Minor) at 13:45, Mike Sislo (Min) for Hooking (Minor) at 14:48
3rd period
8. Wolves , Mike Zigomanis 16 (Cody McLeod, Chris Neil) at 2:25 (PP)
9. Knights , Nathan Gerbe 18 (Chris Thorburn, Kyle Greentree) at 4:14 (PP)
10. Wolves , Rich Peverley 22 (Jonas Junland, Alexander Perezhogin) at 6:04
11. Knights , Zbynek Michalek 2 (Chris Thorburn) at 17:19 (PP)
Penalties :
Zbynek Michalek (Lon) for Roughing (Minor) at 2:19, Nate Guenin (Min) for Hooking (Minor) at 3:40, Niklas Hjalmarsson (Lon) for High sticking (Minor) at 13:28, Cody McLeod (Min) for Hooking (Minor) at 13:28, Marc Methot (Min) for Slashing (Minor) at 16:57, Colton Gillies (Lon) for Goalie Interference (Minor) at 18:01
Goalie Stats
Loïc Lacasse (Min), 30 saves from 34 shots - (0,882), W, 4-3-0, 60:00 minutes
Dany Sabourin (Lon), 24 saves from 27 shots - (0,889), L, 4-5-0, 40:24 minutes
Jonas Gustavsson (Lon), 12 saves from 16 shots - (0,750), 19:36 minutes
Players Stats for Wolves
Player Name G A P +/- PIM S H SB GA TA FO MP PP MP PK MP
------------------------------------------------------------------------------------
Alexander Perezhogin 0 4 4 3 0 2 2 0 2 0 0/0 20:34 2:52 2:31
Bruno Gervais 0 0 0 1 0 2 1 1 0 0 0/0 18:54 1:20 1:23
Chris Neil 3 2 5 2 0 11 2 0 1 0 15/21 24:40 3:04 2:35
Cody McLeod 0 2 2 0 2 1 2 1 1 0 0/0 18:22 3:04 0:49
Dan Fritsche 0 0 0 0 0 2 1 0 1 0 1/7 11:14 0:00 0:10
Geoff Paukovich 0 0 0 0 2 1 2 0 0 1 0/1 11:14 0:00 0:00
Jonas Junland 0 1 1 1 0 2 0 0 0 0 0/0 10:18 0:00 0:00
Logan MacMillan 0 0 0 0 2 1 0 0 0 0 0/0 6:52 0:00 0:00
Marc Methot 0 0 0 1 4 1 0 2 0 2 0/0 18:52 1:20 1:23
Marc-André Gragnani 0 0 0 1 2 0 0 0 0 0 0/0 11:10 0:00 0:34
Mike Sislo 0 0 0 1 2 0 1 0 0 2 1/1 13:14 2:51 0:00
Mike Zigomanis 2 1 3 0 0 4 3 1 1 0 13/27 20:40 3:04 0:48
Milan Bartovic 0 0 0 0 0 7 2 1 0 0 0/0 11:04 0:00 0:00
Nate Guenin 0 0 0 1 2 2 4 0 1 0 0/0 29:56 4:36 2:11
Nathan Davis 0 0 0 0 0 0 1 0 0 0 2/3 7:28 0:00 0:35
Rich Peverley 2 0 2 1 0 4 0 0 0 2 6/12 16:38 2:52 0:48
Tim Crowder 0 0 0 0 0 1 0 0 0 0 0/0 6:53 0:00 0:00
Willie Mitchell 0 1 1 1 0 2 1 2 0 1 0/0 30:48 4:36 2:45
Players Stats for Knights
Player Name G A P +/- PIM S H SB GA TA FO MP PP MP PK MP
------------------------------------------------------------------------------------
A.J. Jenks 0 0 0 -1 0 0 2 0 0 0 0/0 5:39 0:00 0:00
Chris Thorburn 1 3 4 -1 0 6 3 0 5 0 8/20 25:24 3:08 3:47
Colton Gillies 0 0 0 -1 2 0 2 0 0 0 0/1 10:11 0:00 0:00
Garnet Exelby 0 0 0 -3 0 1 2 3 1 2 0/0 28:37 1:49 3:16
Gustav Nyquist 0 0 0 -1 0 1 1 0 0 0 0/0 10:58 0:00 0:00
Joe Colborne 0 0 0 -1 0 2 0 0 0 0 0/2 7:06 0:00 1:01
Justin Jokinen 0 0 0 -1 2 0 0 0 0 0 0/1 5:38 0:00 0:00
Kyle Greentree 1 2 3 1 0 4 4 1 0 0 1/2 21:48 3:08 2:22
Marco Scandella 0 1 1 1 0 1 0 0 0 0 0/0 10:07 0:00 0:06
Mats Zuccarello 0 0 0 0 0 6 3 1 0 0 1/1 17:14 1:00 1:34
Nathan Gerbe 1 1 2 -1 2 3 0 1 0 0 16/30 24:05 3:08 2:55
Nick Palmieri 0 0 0 0 6 1 1 1 0 2 0/0 13:50 1:00 0:00
Nikita Nikitin 0 0 0 -1 2 0 1 4 1 1 0/0 20:42 2:19 2:40
Niklas Hjalmarsson 0 0 0 -1 2 2 2 1 0 0 0/0 20:27 2:19 2:40
Peter Mueller 0 0 0 0 0 1 2 1 1 0 6/10 13:47 1:00 0:13
Tomas Kundratek 0 0 0 1 0 1 1 0 0 0 0/0 11:51 0:00 0:00
Zack Hamill 0 0 0 -1 0 2 0 1 0 0 2/5 11:08 0:00 0:00
Zbynek Michalek 1 0 1 -3 2 3 1 2 0 2 0/0 28:30 1:49 3:10
3 Stars
1 - Chris Neil (Min)
2 - Alexander Perezhogin (Min)
3 - Mike Zigomanis (Min)
Power Play
Wolves - 3 on 6 Attempt(s) - 50,00%
Knights - 3 on 5 Attempt(s) - 60,00%
Penalty Kill
Wolves - 2 on 5 Attempt(s) - 40,00%
- Score 0 goal in Penalty Kill
Knights - 3 on 6 Attempt(s) - 50,00%
- Score 0 goal in Penalty Kill
Official
Referees : Charron Francis and Sutherland Kelly
Linesman : Brian Murphy and Thor Nelson
Game Notes
Dany Sabourin enters game at 19:36 of 1st period
Chris Neil has scored a Hat Trick!
Finance
Level 1 -- Attendance: 1329 (66,45%) -- Ticket Income 39 870 $
Level 2 -- Attendance: 728 (72,80%) -- Ticket Income 14 560 $
Total Attendance: 2057 (68,57%)
Total Ticket Income: 54 430 $
Other Income: 2 722 $
Total Income: 57 152 $
Wolves
5 vs 5 Forward
Center Left Wing Right Wing Time % Phy DF OF
1 Mike Zigomanis Cody McLeod Chris Neil 40 1 2 2
2 Rich Peverley Mike Sislo Alexander Perezhogin 30 1 2 2
3 Dan Fritsche Geoff Paukovich Milan Bartovic 20 1 2 2
4 Nathan Davis Logan MacMillan Tim Crowder 10 1 2 2
5 vs 5 Defense
Defense Defense Time % Phy DF OF
1 Willie Mitchell Nate Guenin 40 1 2 2
2 Bruno Gervais Marc Methot 30 1 2 2
3 Jonas Junland Marc-André Gragnani 20 1 2 2
4 Willie Mitchell Nate Guenin 10 1 2 2
PowerPlay Forward
Center Left Wing Right Wing Time % Phy DF OF
1 Mike Zigomanis Cody McLeod Chris Neil 60 1 2 2
2 Rich Peverley Mike Sislo Alexander Perezhogin 40 1 2 2
PowerPlay Defense
Defense Defense Time % Phy DF OF
1 Willie Mitchell Nate Guenin 60 1 2 2
2 Bruno Gervais Marc Methot 40 1 2 2
Penalty Kill 4 Players Forward
Center Wing Time % Phy DF OF
1 Chris Neil Alexander Perezhogin 60 1 2 2
2 Mike Zigomanis Rich Peverley 40 1 2 2
Penalty Kill 4 Players Defense
Defense Defense Time % Phy DF OF
1 Willie Mitchell Nate Guenin 60 1 2 2
2 Bruno Gervais Marc Methot 40 1 2 2
Penalty Kill - 3 Players Forward
Forward Time % Phy DF OF
1 Chris Neil 60 1 2 2
2 Alexander Perezhogin 40 1 2 2
Penalty Kill - 3 Players Defense
Defense Defense Time % Phy DF OF
1 Willie Mitchell Nate Guenin 60 1 2 2
2 Bruno Gervais Marc Methot 40 1 2 2
4 vs 4 Forward
Center Wing Time % Phy DF OF
1 Chris Neil Alexander Perezhogin 60 1 2 2
2 Mike Zigomanis Rich Peverley 40 1 2 2
4 vs 4 Defense
Defense Defense Time % Phy DF OF
1 Willie Mitchell Nate Guenin 60 1 2 2
2 Bruno Gervais Marc Methot 40 1 2 2
Last Minutes Offensive
Center Left Wing Right Wing Defense Defense
Mike Zigomanis Cody McLeod Chris Neil Willie Mitchell Nate Guenin
Last Minutes Defensive
Center Left Wing Right Wing Defense Defense
Mike Zigomanis Cody McLeod Chris Neil Willie Mitchell Nate Guenin
Goaltenders
Starting : Loïc Lacasse
Backup : Jamie Storr
Extra Forwards
Normal : Milan Bartovic, Dan Fritsche, Nathan Davis - PP : Milan Bartovic, Dan Fritsche - PK : Nathan Davis
Extra Defensemen
Normal : Jonas Junland, Marc-André Gragnani, Bruno Gervais - PP : Jonas Junland - PK : Marc-André Gragnani, Bruno Gervais
Penalty Shots
Chris Neil, Alexander Perezhogin, Mike Zigomanis, Rich Peverley, Milan Bartovic
Knights
5 vs 5 Forward
Center Left Wing Right Wing Time % Phy DF OF
1 Nathan Gerbe Kyle Greentree Chris Thorburn 40 1 2 2
2 Peter Mueller Mats Zuccarello Nick Palmieri 30 1 2 2
3 Zack Hamill Colton Gillies Gustav Nyquist 20 1 2 2
4 Joe Colborne A.J. Jenks Justin Jokinen 10 1 2 2
5 vs 5 Defense
Defense Defense Time % Phy DF OF
1 Zbynek Michalek Garnet Exelby 40 1 2 2
2 Niklas Hjalmarsson Nikita Nikitin 30 1 2 2
3 Tomas Kundratek Marco Scandella 20 1 2 2
4 Zbynek Michalek Garnet Exelby 10 1 2 2
PowerPlay Forward
Center Left Wing Right Wing Time % Phy DF OF
1 Nathan Gerbe Kyle Greentree Chris Thorburn 60 1 2 2
2 Peter Mueller Mats Zuccarello Nick Palmieri 40 1 2 2
PowerPlay Defense
Defense Defense Time % Phy DF OF
1 Zbynek Michalek Garnet Exelby 60 1 2 2
2 Niklas Hjalmarsson Nikita Nikitin 40 1 2 2
Penalty Kill 4 Players Forward
Center Wing Time % Phy DF OF
1 Chris Thorburn Nathan Gerbe 60 1 2 2
2 Kyle Greentree Mats Zuccarello 40 1 2 2
Penalty Kill 4 Players Defense
Defense Defense Time % Phy DF OF
1 Zbynek Michalek Garnet Exelby 60 1 2 2
2 Niklas Hjalmarsson Nikita Nikitin 40 1 2 2
Penalty Kill - 3 Players Forward
Forward Time % Phy DF OF
1 Chris Thorburn 60 1 2 2
2 Nathan Gerbe 40 1 2 2
Penalty Kill - 3 Players Defense
Defense Defense Time % Phy DF OF
1 Zbynek Michalek Garnet Exelby 60 1 2 2
2 Niklas Hjalmarsson Nikita Nikitin 40 1 2 2
4 vs 4 Forward
Center Wing Time % Phy DF OF
1 Chris Thorburn Nathan Gerbe 60 1 2 2
2 Kyle Greentree Mats Zuccarello 40 1 2 2
4 vs 4 Defense
Defense Defense Time % Phy DF OF
1 Zbynek Michalek Garnet Exelby 60 1 2 2
2 Niklas Hjalmarsson Nikita Nikitin 40 1 2 2
Last Minutes Offensive
Center Left Wing Right Wing Defense Defense
Nathan Gerbe Kyle Greentree Chris Thorburn Zbynek Michalek Garnet Exelby
Last Minutes Defensive
Center Left Wing Right Wing Defense Defense
Nathan Gerbe Kyle Greentree Chris Thorburn Zbynek Michalek Garnet Exelby
Goaltenders
Starting : Jonas Gustavsson
Backup : Dany Sabourin
Extra Forwards
Normal : Zack Hamill, Gustav Nyquist, Joe Colborne - PP : Zack Hamill, Gustav Nyquist - PK : Joe Colborne
Extra Defensemen
Normal : Tomas Kundratek, Marco Scandella, Niklas Hjalmarsson - PP : Tomas Kundratek - PK : Marco Scandella, Niklas Hjalmarsson
Penalty Shots
Chris Thorburn, Nathan Gerbe, Kyle Greentree, Mats Zuccarello, Peter Mueller
% Time on Ice - Wolves
Lines # - Real PCT - Wanted PCT - Time Play
Normal Forward
1 - 34% - 40% - 14:30
2 - 25% - 30% - 10:41
3 - 26% - 20% - 10:59
4 - 16% - 10% - 6:53
Normal Defense
1 - 40% - 40% - 17:01
2 - 34% - 30% - 14:28
3 - 24% - 20% - 10:18
4 - 3% - 10% - 1:16
PP Forward
1 - 52% - 60% - 3:04
2 - 48% - 40% - 2:52
PP Defense
1 - 78% - 60% - 4:36
2 - 22% - 40% - 1:20
PK Forward
1 - 81% - 60% - 3:20
2 - 19% - 40% - 0:48
PK Defense
1 - 67% - 60% - 2:45
2 - 33% - 40% - 1:23
PK3 Forward
1 - 0% - 60%
2 - 0% - 40%
PK3 Defense
1 - 0% - 60%
2 - 0% - 40%
44 Forward
1 - 67% - 60% - 4:36
2 - 33% - 40% - 2:17
44 Defense
1 - 75% - 60% - 5:10
2 - 25% - 40% - 1:43
Last Minute Offensive - 0:00
Last Minute Defensive - 0:00
Total
Forward - 60:00
Defense - 60:00
|
% Time on Ice - Knights
Lines # - Real PCT - Wanted PCT - Time Play
Normal Forward
1 - 33% - 40% - 14:05
2 - 30% - 30% - 13:07
3 - 24% - 20% - 10:12
4 - 13% - 10% - 5:39
Normal Defense
1 - 43% - 40% - 18:26
2 - 32% - 30% - 13:34
3 - 23% - 20% - 10:01
4 - 2% - 10% - 1:02
PP Forward
1 - 76% - 60% - 3:08
2 - 24% - 40% - 1:00
PP Defense
1 - 44% - 60% - 1:49
2 - 56% - 40% - 2:19
PK Forward
1 - 76% - 60% - 4:29
2 - 24% - 40% - 1:27
PK Defense
1 - 55% - 60% - 3:16
2 - 45% - 40% - 2:40
PK3 Forward
1 - 0% - 60%
2 - 0% - 40%
PK3 Defense
1 - 0% - 60%
2 - 0% - 40%
44 Forward
1 - 77% - 60% - 5:20
2 - 23% - 40% - 1:33
44 Defense
1 - 59% - 60% - 4:04
2 - 41% - 40% - 2:49
Last Minute Offensive - 0:00
Last Minute Defensive - 0:00
Total
Forward - 60:00
Defense - 60:00
|
Play by Play
1st period
0:01 of 1st period - Nathan Gerbe wins face-off versus Mike Zigomanis in neutral zone.
0:06 of 1st period - Wrist shot by Nathan Gerbe.
0:06 of 1st period - Stopped by Loïc Lacasse with a rebound.
0:50 of 1st period - Zbynek Michalek is hit by Bruno Gervais and loses puck.
1:19 of 1st period - Minor Penalty to Justin Jokinen for Holding.
1:20 of 1st period - Chris Thorburn wins face-off versus Mike Zigomanis in Knights zone.
1:33 of 1st period - Wrist shot by Mike Zigomanis.
1:33 of 1st period - Goal by Mike Zigomanis - Wolves : 1 - Knights : 0.
1:34 of 1st period - Chris Neil wins face-off versus Nathan Gerbe in neutral zone.
1:48 of 1st period - Wrist shot by Kyle Greentree.
1:48 of 1st period - Shot Blocked by Willie Mitchell.
1:50 of 1st period - Snap shot by Chris Thorburn.
1:50 of 1st period - Deflect By Kyle Greentree.
1:50 of 1st period - Goal by Kyle Greentree - Wolves : 1 - Knights : 1.
1:51 of 1st period - Mike Sislo wins face-off versus Peter Mueller in neutral zone.
1:53 of 1st period - Minor Penalty to Nick Palmieri for Roughing.
1:54 of 1st period - Mike Zigomanis wins face-off versus Chris Thorburn in Knights zone.
2:29 of 1st period - Snap shot by Rich Peverley.
2:29 of 1st period - Goal by Rich Peverley - Wolves : 2 - Knights : 1.
2:30 of 1st period - Nathan Gerbe wins face-off versus Mike Zigomanis in neutral zone.
2:37 of 1st period - Wrist shot by Chris Thorburn.
2:37 of 1st period - Shot Misses the Net.
2:39 of 1st period - Snap shot by Kyle Greentree.
2:39 of 1st period - Stopped by Loïc Lacasse with a rebound.
2:57 of 1st period - Willie Mitchell is hit by Niklas Hjalmarsson and loses puck.
3:07 of 1st period - Off-side.
3:08 of 1st period - Mike Zigomanis wins face-off versus Zack Hamill in neutral zone.
3:38 of 1st period - Mike Sislo is hit by Kyle Greentree and loses puck.
4:03 of 1st period - Slapshot by Jonas Junland.
4:03 of 1st period - Shot Blocked by Mats Zuccarello.
4:25 of 1st period - Wrist shot by Tim Crowder.
4:25 of 1st period - Stopped by Jonas Gustavsson with a rebound.
4:45 of 1st period - Snap shot by Chris Neil.
4:45 of 1st period - Stopped by Jonas Gustavsson without a rebound.
4:46 of 1st period - Rich Peverley wins face-off versus Nathan Gerbe in Knights zone.
4:49 of 1st period - Slapshot by Rich Peverley.
4:49 of 1st period - Stopped by Jonas Gustavsson without a rebound.
4:50 of 1st period - Rich Peverley wins face-off versus Nathan Gerbe in Knights zone.
5:17 of 1st period - Snap shot by Cody McLeod.
5:17 of 1st period - Stopped by Jonas Gustavsson with a rebound.
5:19 of 1st period - Wrist shot by Chris Neil.
5:19 of 1st period - Shot Blocked by Niklas Hjalmarsson.
6:07 of 1st period - Snap shot by Joe Colborne.
6:07 of 1st period - Stopped by Loïc Lacasse with a rebound.
6:58 of 1st period - Minor Penalty to Nick Palmieri for Hooking.
6:59 of 1st period - Mike Zigomanis wins face-off versus Chris Thorburn in Knights zone.
7:28 of 1st period - Snap shot by Kyle Greentree.
7:28 of 1st period - Shot Misses the Net.
7:30 of 1st period - Snap shot by Mats Zuccarello.
7:30 of 1st period - Stopped by Loïc Lacasse with a rebound.
7:32 of 1st period - Wrist shot by Garnet Exelby.
7:32 of 1st period - Deflect By Kyle Greentree.
7:32 of 1st period - Shot Misses the Net.
7:32 of 1st period - Puck is out of play.
7:33 of 1st period - Chris Thorburn wins face-off versus Mike Zigomanis in Wolves zone.
8:05 of 1st period - Nikita Nikitin is hit by Nate Guenin and loses puck.
8:58 of 1st period - Penalty to Nick Palmieri is over, Nick Palmieri is back on ice.
9:34 of 1st period - Snap shot by Joe Colborne.
9:34 of 1st period - Shot Misses the Net.
10:13 of 1st period - Minor Penalty to Nikita Nikitin for Tripping.
10:13 of 1st period - Minor Penalty to Logan MacMillan for Slashing.
10:14 of 1st period - Chris Neil wins face-off versus Chris Thorburn in Wolves zone.
10:29 of 1st period - Slapshot by Alexander Perezhogin.
10:29 of 1st period - Deflect By Chris Neil.
10:29 of 1st period - Stopped by Jonas Gustavsson without a rebound.
10:30 of 1st period - Chris Neil wins face-off versus Chris Thorburn in Knights zone.
10:33 of 1st period - Wrist shot by Chris Neil.
10:33 of 1st period - Stopped by Jonas Gustavsson without a rebound.
10:34 of 1st period - Chris Neil wins face-off versus Chris Thorburn in Knights zone.
10:41 of 1st period - Snap shot by Chris Neil.
10:41 of 1st period - Shot Misses the Net.
10:43 of 1st period - Snap shot by Chris Neil.
10:43 of 1st period - Goal by Chris Neil - Wolves : 3 - Knights : 1.
10:44 of 1st period - Chris Neil wins face-off versus Chris Thorburn in neutral zone.
10:49 of 1st period - Snap shot by Chris Neil.
10:49 of 1st period - Stopped by Jonas Gustavsson with a rebound.
11:21 of 1st period - Snap shot by Alexander Perezhogin.
11:21 of 1st period - Stopped by Jonas Gustavsson with a rebound.
11:23 of 1st period - Slapshot by Marc Methot.
11:23 of 1st period - Stopped by Jonas Gustavsson with a rebound.
11:25 of 1st period - Wrist shot by Chris Neil.
11:25 of 1st period - Shot Misses the Net.
11:27 of 1st period - Slapshot by Marc Methot.
11:27 of 1st period - Shot Misses the Net.
11:31 of 1st period - Wrist shot by Alexander Perezhogin.
11:31 of 1st period - Shot Blocked by Zbynek Michalek.
11:33 of 1st period - Slapshot by Bruno Gervais.
11:33 of 1st period - Stopped by Jonas Gustavsson without a rebound.
11:34 of 1st period - Chris Thorburn wins face-off versus Mike Zigomanis in Knights zone.
11:34 of 1st period - Chris Thorburn is hit by Nate Guenin.
11:42 of 1st period - Niklas Hjalmarsson is hit by Nate Guenin and loses puck.
12:10 of 1st period - Wrist shot by Mats Zuccarello.
12:10 of 1st period - Stopped by Loïc Lacasse with a rebound.
12:12 of 1st period - Slapshot by Tomas Kundratek.
12:12 of 1st period - Stopped by Loïc Lacasse without a rebound.
12:13 of 1st period - Penalty to Nikita Nikitin is over, Nikita Nikitin is back on ice.
12:13 of 1st period - Penalty to Logan MacMillan is over, Logan MacMillan is back on ice.
12:13 of 1st period - Peter Mueller wins face-off versus Geoff Paukovich in Wolves zone.
12:14 of 1st period - Wrist shot by Mats Zuccarello.
12:14 of 1st period - Stopped by Loïc Lacasse without a rebound.
12:15 of 1st period - Peter Mueller wins face-off versus Dan Fritsche in Wolves zone.
12:18 of 1st period - Snap shot by Mats Zuccarello.
12:18 of 1st period - Shot Misses the Net.
12:20 of 1st period - Snap shot by Mats Zuccarello.
12:20 of 1st period - Stopped by Loïc Lacasse without a rebound.
12:21 of 1st period - Peter Mueller wins face-off versus Dan Fritsche in Wolves zone.
12:37 of 1st period - Wrist shot by Peter Mueller.
12:37 of 1st period - Shot Misses the Net.
12:39 of 1st period - Slapshot by Zbynek Michalek.
12:39 of 1st period - Deflect By Bruno Gervais.
12:39 of 1st period - Stopped by Loïc Lacasse with a rebound.
12:45 of 1st period - Wrist shot by Peter Mueller.
12:45 of 1st period - Stopped by Loïc Lacasse with a rebound.
12:47 of 1st period - Wrist shot by Nick Palmieri.
12:47 of 1st period - Stopped by Loïc Lacasse with a rebound.
12:49 of 1st period - Snap shot by Zbynek Michalek.
12:49 of 1st period - Shot Blocked by Milan Bartovic.
12:54 of 1st period - Minor Penalty to Marc Methot for Hooking.
12:55 of 1st period - Chris Neil wins face-off versus Nathan Gerbe in Wolves zone.
13:04 of 1st period - Snap shot by Nathan Gerbe.
13:04 of 1st period - Deflect By Chris Thorburn.
13:04 of 1st period - Goal by Chris Thorburn - Wolves : 3 - Knights : 2.
13:05 of 1st period - Nathan Gerbe wins face-off versus Mike Zigomanis in neutral zone.
13:51 of 1st period - Minor Penalty to Marc-André Gragnani for High sticking.
13:52 of 1st period - Chris Thorburn wins face-off versus Chris Neil in Wolves zone.
13:59 of 1st period - Snap shot by Chris Thorburn.
13:59 of 1st period - Stopped by Loïc Lacasse with a rebound.
14:37 of 1st period - Rich Peverley is hit by Mats Zuccarello and loses puck.
14:54 of 1st period - Wrist shot by Peter Mueller.
14:54 of 1st period - Shot Blocked by Marc Methot.
14:56 of 1st period - Wrist shot by Mats Zuccarello.
14:56 of 1st period - Stopped by Loïc Lacasse without a rebound.
14:57 of 1st period - Chris Neil wins face-off versus Nathan Gerbe in Wolves zone.
15:51 of 1st period - Penalty to Marc-André Gragnani is over, Marc-André Gragnani is back on ice.
15:58 of 1st period - Dan Fritsche is hit by Gustav Nyquist and loses puck.
16:07 of 1st period - Wrist shot by Zack Hamill.
16:07 of 1st period - Deflect By Gustav Nyquist.
16:07 of 1st period - Stopped by Loïc Lacasse without a rebound.
16:08 of 1st period - Mike Zigomanis wins face-off versus Joe Colborne in Wolves zone.
17:25 of 1st period - Slapshot by Marco Scandella.
17:25 of 1st period - Shot Blocked by Willie Mitchell.
17:59 of 1st period - Joe Colborne is hit by Dan Fritsche and loses puck.
18:09 of 1st period - Off-side.
18:10 of 1st period - Nathan Gerbe wins face-off versus Rich Peverley in neutral zone.
18:37 of 1st period - Bruno Gervais is hit by Mats Zuccarello and loses puck.
19:05 of 1st period - Colton Gillies is hit by Chris Neil and loses puck.
19:12 of 1st period - Wrist shot by Cody McLeod.
19:12 of 1st period - Shot Misses the Net.
19:14 of 1st period - Snap shot by Chris Neil.
19:14 of 1st period - Stopped by Jonas Gustavsson with a rebound.
19:16 of 1st period - Slapshot by Bruno Gervais.
19:16 of 1st period - Deflect By Mike Zigomanis.
19:16 of 1st period - Stopped by Jonas Gustavsson with a rebound.
19:18 of 1st period - Wrist shot by Chris Neil.
19:18 of 1st period - Shot Blocked by Nikita Nikitin.
19:20 of 1st period - Snap shot by Mike Zigomanis.
19:20 of 1st period - Shot Blocked by Nikita Nikitin.
19:34 of 1st period - Wrist shot by Cody McLeod.
19:34 of 1st period - Shot Blocked by Zack Hamill.
19:36 of 1st period - Snap shot by Chris Neil.
19:36 of 1st period - Goal by Chris Neil - Wolves : 4 - Knights : 2.
19:36 of 1st period - Dany Sabourin enters game.
19:37 of 1st period - Nathan Gerbe wins face-off versus Rich Peverley in neutral zone.
19:40 of 1st period - Nate Guenin is hit by Kyle Greentree and loses puck.
2nd period
0:01 of 2nd period - Mike Zigomanis wins face-off versus Nathan Gerbe in neutral zone.
0:33 of 2nd period - Snap shot by Milan Bartovic.
0:33 of 2nd period - Stopped by Dany Sabourin with a rebound.
0:35 of 2nd period - Snap shot by Jonas Junland.
0:35 of 2nd period - Stopped by Dany Sabourin with a rebound.
0:37 of 2nd period - Slapshot by Jonas Junland.
0:37 of 2nd period - Shot Blocked by Kyle Greentree.
1:16 of 2nd period - Wrist shot by Gustav Nyquist.
1:16 of 2nd period - Deflect By Zack Hamill.
1:16 of 2nd period - Stopped by Loïc Lacasse without a rebound.
1:17 of 2nd period - Mike Zigomanis wins face-off versus Justin Jokinen in Wolves zone.
1:17 of 2nd period - Mike Zigomanis is hit by A.J. Jenks.
1:29 of 2nd period - Snap shot by A.J. Jenks.
1:29 of 2nd period - Deflect By Joe Colborne.
1:29 of 2nd period - Stopped by Loïc Lacasse without a rebound.
1:30 of 2nd period - Mike Zigomanis wins face-off versus Nathan Gerbe in Wolves zone.
1:30 of 2nd period - Mike Zigomanis is hit by Nikita Nikitin.
1:40 of 2nd period - Niklas Hjalmarsson is hit by Mike Zigomanis and loses puck.
1:57 of 2nd period - Nick Palmieri is hit by Mike Sislo and loses puck.
3:10 of 2nd period - Marc-André Gragnani is hit by Kyle Greentree and loses puck.
4:09 of 2nd period - Snap shot by Kyle Greentree.
4:09 of 2nd period - Shot Misses the Net.
5:07 of 2nd period - Colton Gillies is hit by Cody McLeod and loses puck.
5:27 of 2nd period - Niklas Hjalmarsson is hit by Alexander Perezhogin and loses puck.
6:06 of 2nd period - Snap shot by Nathan Gerbe.
6:06 of 2nd period - Shot Misses the Net.
7:04 of 2nd period - Slapshot by Nikita Nikitin.
7:04 of 2nd period - Shot Misses the Net.
7:06 of 2nd period - Snap shot by Niklas Hjalmarsson.
7:06 of 2nd period - Stopped by Loïc Lacasse with a rebound.
7:16 of 2nd period - Milan Bartovic is hit by Mats Zuccarello and loses puck.
7:20 of 2nd period - Geoff Paukovich is hit by Garnet Exelby and loses puck.
7:25 of 2nd period - Peter Mueller is hit by Geoff Paukovich and loses puck.
7:30 of 2nd period - Snap shot by Milan Bartovic.
7:30 of 2nd period - Stopped by Dany Sabourin with a rebound.
7:38 of 2nd period - Snap shot by Milan Bartovic.
7:38 of 2nd period - Stopped by Dany Sabourin with a rebound.
7:40 of 2nd period - Slapshot by Willie Mitchell.
7:40 of 2nd period - Shot Blocked by Garnet Exelby.
7:42 of 2nd period - Wrist shot by Milan Bartovic.
7:42 of 2nd period - Stopped by Dany Sabourin without a rebound.
7:43 of 2nd period - Nathan Gerbe wins face-off versus Mike Zigomanis in Knights zone.
7:50 of 2nd period - Wrist shot by Nathan Gerbe.
7:50 of 2nd period - Stopped by Loïc Lacasse with a rebound.
7:52 of 2nd period - Snap shot by Kyle Greentree.
7:52 of 2nd period - Shot Blocked by Mike Zigomanis.
7:54 of 2nd period - Slapshot by Nathan Gerbe.
7:54 of 2nd period - Shot Misses the Net.
7:56 of 2nd period - Slapshot by Nathan Gerbe.
7:56 of 2nd period - Shot Misses the Net.
7:58 of 2nd period - Snap shot by Chris Thorburn.
7:58 of 2nd period - Stopped by Loïc Lacasse without a rebound.
7:59 of 2nd period - Nathan Gerbe wins face-off versus Rich Peverley in Wolves zone.
9:19 of 2nd period - Milan Bartovic is hit by Garnet Exelby and loses puck.
9:29 of 2nd period - Off-side.
9:30 of 2nd period - Rich Peverley wins face-off versus Nathan Gerbe in neutral zone.
10:16 of 2nd period - Slapshot by Dan Fritsche.
10:16 of 2nd period - Stopped by Dany Sabourin without a rebound.
10:17 of 2nd period - Peter Mueller wins face-off versus Dan Fritsche in Knights zone.
10:25 of 2nd period - Snap shot by Dan Fritsche.
10:25 of 2nd period - Stopped by Dany Sabourin with a rebound.
10:32 of 2nd period - Minor Penalty to Nick Palmieri for Hooking.
10:32 of 2nd period - Minor Penalty to Geoff Paukovich for Hooking.
10:33 of 2nd period - Chris Thorburn wins face-off versus Chris Neil in Knights zone.
10:38 of 2nd period - Snap shot by Chris Neil.
10:38 of 2nd period - Goal by Chris Neil - Wolves : 5 - Knights : 2.
10:39 of 2nd period - Chris Neil wins face-off versus Chris Thorburn in neutral zone.
11:33 of 2nd period - Icing by Mike Zigomanis.
11:34 of 2nd period - Mike Zigomanis wins face-off versus Chris Thorburn in Wolves zone.
11:34 of 2nd period - Mike Zigomanis is hit by Chris Thorburn.
11:42 of 2nd period - Snap shot by Alexander Perezhogin.
11:42 of 2nd period - Shot Blocked by Nathan Gerbe.
12:10 of 2nd period - Marc Methot is hit by Chris Thorburn and loses puck.
12:32 of 2nd period - Penalty to Nick Palmieri is over, Nick Palmieri is back on ice.
12:32 of 2nd period - Penalty to Geoff Paukovich is over, Geoff Paukovich is back on ice.
12:39 of 2nd period - Wrist shot by Rich Peverley.
12:39 of 2nd period - Shot Blocked by Nikita Nikitin.
12:41 of 2nd period - Backhand shot by Rich Peverley.
12:41 of 2nd period - Shot Blocked by Nick Palmieri.
12:43 of 2nd period - Wrist shot by Mike Zigomanis.
12:43 of 2nd period - Stopped by Dany Sabourin with a rebound.
12:45 of 2nd period - Wrist shot by Rich Peverley.
12:45 of 2nd period - Shot Misses the Net.
12:47 of 2nd period - Slapshot by Nate Guenin.
12:47 of 2nd period - Stopped by Dany Sabourin without a rebound.
12:48 of 2nd period - Nathan Davis wins face-off versus Zack Hamill in Knights zone.
13:15 of 2nd period - Dan Fritsche is hit by Nick Palmieri.
13:23 of 2nd period - Slapshot by Mats Zuccarello.
13:23 of 2nd period - Shot Misses the Net.
13:37 of 2nd period - Snap shot by Mike Zigomanis.
13:37 of 2nd period - Deflect By Chris Neil.
13:37 of 2nd period - Stopped by Dany Sabourin without a rebound.
13:38 of 2nd period - Nathan Gerbe wins face-off versus Mike Zigomanis in Knights zone.
13:45 of 2nd period - Minor Penalty to Nathan Gerbe for Interference.
13:46 of 2nd period - Mike Zigomanis wins face-off versus Chris Thorburn in Knights zone.
14:48 of 2nd period - Minor Penalty to Mike Sislo for Hooking.
14:49 of 2nd period - Chris Thorburn wins face-off versus Chris Neil in Wolves zone.
14:58 of 2nd period - Snap shot by Chris Thorburn.
14:58 of 2nd period - Shot Misses the Net.
15:00 of 2nd period - Backhand shot by Zbynek Michalek.
15:00 of 2nd period - Shot Misses the Net.
15:45 of 2nd period - Penalty to Nathan Gerbe is over, Nathan Gerbe is back on ice.
16:48 of 2nd period - Penalty to Mike Sislo is over, Mike Sislo is back on ice.
17:00 of 2nd period - Snap shot by Milan Bartovic.
17:00 of 2nd period - Stopped by Dany Sabourin with a rebound.
17:02 of 2nd period - Snap shot by Milan Bartovic.
17:02 of 2nd period - Shot Misses the Net.
17:22 of 2nd period - Icing by Logan MacMillan.
17:23 of 2nd period - Nathan Davis wins face-off versus Peter Mueller in Wolves zone.
17:23 of 2nd period - Nathan Davis is hit by Peter Mueller.
17:47 of 2nd period - Slapshot by Jonas Junland.
17:47 of 2nd period - Stopped by Dany Sabourin without a rebound.
17:48 of 2nd period - Mike Zigomanis wins face-off versus Colton Gillies in Knights zone.
17:58 of 2nd period - Off-side.
17:59 of 2nd period - Chris Neil wins face-off versus Peter Mueller in neutral zone.
18:45 of 2nd period - Marco Scandella is hit by Milan Bartovic and loses puck.
19:23 of 2nd period - Wrist shot by Chris Thorburn.
19:23 of 2nd period - Shot Misses the Net.
19:25 of 2nd period - Snap shot by Marco Scandella.
19:25 of 2nd period - Deflect By Nate Guenin.
19:25 of 2nd period - Stopped by Loïc Lacasse with a rebound.
19:41 of 2nd period - Snap shot by Willie Mitchell.
19:41 of 2nd period - Shot Blocked by Zbynek Michalek.
19:47 of 2nd period - Rich Peverley is hit by A.J. Jenks and loses puck.
3rd period
0:01 of 3rd period - Nathan Gerbe wins face-off versus Mike Zigomanis in neutral zone.
0:13 of 3rd period - Icing by Cody McLeod.
0:14 of 3rd period - Kyle Greentree wins face-off versus Mike Zigomanis in Wolves zone.
0:15 of 3rd period - Snap shot by Chris Thorburn.
0:15 of 3rd period - Stopped by Loïc Lacasse with a rebound.
0:59 of 3rd period - Mike Zigomanis is hit by Kyle Greentree and loses puck.
1:08 of 3rd period - Slapshot by Willie Mitchell.
1:08 of 3rd period - Stopped by Dany Sabourin with a rebound.
1:10 of 3rd period - Wrist shot by Chris Neil.
1:10 of 3rd period - Shot Misses the Net.
1:12 of 3rd period - Snap shot by Mike Zigomanis.
1:12 of 3rd period - Deflect By Chris Neil.
1:12 of 3rd period - Stopped by Dany Sabourin with a rebound.
1:14 of 3rd period - Slapshot by Willie Mitchell.
1:14 of 3rd period - Stopped by Dany Sabourin without a rebound.
1:15 of 3rd period - Rich Peverley wins face-off versus Peter Mueller in Knights zone.
1:42 of 3rd period - Nikita Nikitin is hit by Geoff Paukovich and loses puck.
1:51 of 3rd period - Slapshot by Gustav Nyquist.
1:51 of 3rd period - Shot Blocked by Marc Methot.
1:53 of 3rd period - Snap shot by Marco Scandella.
1:53 of 3rd period - Shot Blocked by Bruno Gervais.
2:09 of 3rd period - Snap shot by Nathan Davis.
2:09 of 3rd period - Deflect By Tim Crowder.
2:09 of 3rd period - Shot Misses the Net.
2:09 of 3rd period - Puck is out of play.
2:10 of 3rd period - Peter Mueller wins face-off versus Nathan Davis in Knights zone.
2:10 of 3rd period - Peter Mueller is hit by Nathan Davis.
2:19 of 3rd period - Minor Penalty to Zbynek Michalek for Roughing.
2:20 of 3rd period - Chris Neil wins face-off versus Chris Thorburn in Knights zone.
2:23 of 3rd period - Snap shot by Mike Zigomanis.
2:23 of 3rd period - Shot Misses the Net.
2:25 of 3rd period - Snap shot by Cody McLeod.
2:25 of 3rd period - Deflect By Mike Zigomanis.
2:25 of 3rd period - Goal by Mike Zigomanis - Wolves : 6 - Knights : 2.
2:26 of 3rd period - Nathan Gerbe wins face-off versus Mike Zigomanis in neutral zone.
3:11 of 3rd period - Icing by Peter Mueller.
3:12 of 3rd period - Dan Fritsche wins face-off versus Zack Hamill in Knights zone.
3:19 of 3rd period - Snap shot by Milan Bartovic.
3:19 of 3rd period - Shot Blocked by Garnet Exelby.
3:21 of 3rd period - Wrist shot by Geoff Paukovich.
3:21 of 3rd period - Deflect By Milan Bartovic.
3:21 of 3rd period - Stopped by Dany Sabourin without a rebound.
3:22 of 3rd period - Nathan Gerbe wins face-off versus Mike Zigomanis in Knights zone.
3:22 of 3rd period - Nathan Gerbe is hit by Mike Zigomanis.
3:40 of 3rd period - Minor Penalty to Nate Guenin for Hooking.
3:41 of 3rd period - Chris Neil wins face-off versus Nathan Gerbe in Wolves zone.
3:49 of 3rd period - Off-side.
3:50 of 3rd period - Nathan Gerbe wins face-off versus Chris Neil in neutral zone.
4:14 of 3rd period - Snap shot by Nathan Gerbe.
4:14 of 3rd period - Goal by Nathan Gerbe - Wolves : 6 - Knights : 3.
4:15 of 3rd period - Mike Zigomanis wins face-off versus Nathan Gerbe in neutral zone.
4:22 of 3rd period - Snap shot by Cody McLeod.
4:22 of 3rd period - Shot Misses the Net.
4:40 of 3rd period - Nate Guenin is hit by Zbynek Michalek and loses puck.
5:50 of 3rd period - Icing by Marc-André Gragnani.
5:51 of 3rd period - Rich Peverley wins face-off versus Joe Colborne in Wolves zone.
6:04 of 3rd period - Snap shot by Rich Peverley.
6:04 of 3rd period - Goal by Rich Peverley - Wolves : 7 - Knights : 3.
6:05 of 3rd period - Nathan Gerbe wins face-off versus Chris Neil in neutral zone.
6:12 of 3rd period - Wrist shot by Nathan Gerbe.
6:12 of 3rd period - Shot Blocked by Cody McLeod.
6:30 of 3rd period - Snap shot by Rich Peverley.
6:30 of 3rd period - Stopped by Dany Sabourin with a rebound.
6:32 of 3rd period - Wrist shot by Mike Sislo.
6:32 of 3rd period - Shot Blocked by Garnet Exelby.
6:34 of 3rd period - Slapshot by Bruno Gervais.
6:34 of 3rd period - Stopped by Dany Sabourin without a rebound.
6:35 of 3rd period - Peter Mueller wins face-off versus Rich Peverley in Knights zone.
6:46 of 3rd period - Snap shot by Alexander Perezhogin.
6:46 of 3rd period - Shot Blocked by Nikita Nikitin.
7:02 of 3rd period - Marc Methot is hit by Chris Thorburn and loses puck.
7:11 of 3rd period - Snap shot by Chris Thorburn.
7:11 of 3rd period - Stopped by Loïc Lacasse without a rebound.
7:12 of 3rd period - Mats Zuccarello wins face-off versus Rich Peverley in Wolves zone.
7:57 of 3rd period - Geoff Paukovich is hit by Colton Gillies and loses puck.
8:03 of 3rd period - Icing by Nate Guenin.
8:04 of 3rd period - Nathan Gerbe wins face-off versus Dan Fritsche in Wolves zone.
9:16 of 3rd period - Wrist shot by Dan Fritsche.
9:16 of 3rd period - Shot Misses the Net.
9:20 of 3rd period - Snap shot by Milan Bartovic.
9:20 of 3rd period - Stopped by Dany Sabourin with a rebound.
9:22 of 3rd period - Snap shot by Geoff Paukovich.
9:22 of 3rd period - Stopped by Dany Sabourin without a rebound.
9:23 of 3rd period - Mike Zigomanis wins face-off versus Nathan Gerbe in Knights zone.
9:28 of 3rd period - Snap shot by Chris Neil.
9:28 of 3rd period - Stopped by Dany Sabourin without a rebound.
9:29 of 3rd period - Nathan Gerbe wins face-off versus Mike Zigomanis in Knights zone.
9:29 of 3rd period - Nathan Gerbe is hit by Chris Neil.
9:55 of 3rd period - Slapshot by Zbynek Michalek.
9:55 of 3rd period - Shot Misses the Net.
10:05 of 3rd period - Wrist shot by Rich Peverley.
10:05 of 3rd period - Shot Blocked by Peter Mueller.
10:15 of 3rd period - Slapshot by Nathan Davis.
10:15 of 3rd period - Shot Misses the Net.
10:17 of 3rd period - Slapshot by Logan MacMillan.
10:17 of 3rd period - Stopped by Dany Sabourin with a rebound.
10:19 of 3rd period - Snap shot by Logan MacMillan.
10:19 of 3rd period - Shot Misses the Net.
10:52 of 3rd period - Kyle Greentree is hit by Alexander Perezhogin and loses puck.
11:11 of 3rd period - Mike Zigomanis is hit by Peter Mueller and loses puck.
11:26 of 3rd period - Bruno Gervais is hit by Niklas Hjalmarsson and loses puck.
11:31 of 3rd period - Slapshot by Niklas Hjalmarsson.
11:31 of 3rd period - Stopped by Loïc Lacasse without a rebound.
11:32 of 3rd period - Rich Peverley wins face-off versus Kyle Greentree in Wolves zone.
11:36 of 3rd period - Nate Guenin is hit by Tomas Kundratek and loses puck.
11:51 of 3rd period - Nathan Gerbe is hit by Willie Mitchell and loses puck.
12:10 of 3rd period - Mats Zuccarello is hit by Cody McLeod and loses puck.
12:48 of 3rd period - Jonas Junland is hit by Colton Gillies and loses puck.
13:17 of 3rd period - Snap shot by Kyle Greentree.
13:17 of 3rd period - Shot Misses the Net.
13:28 of 3rd period - Minor Penalty to Niklas Hjalmarsson for High sticking.
13:28 of 3rd period - Minor Penalty to Cody McLeod for Hooking.
13:29 of 3rd period - Chris Neil wins face-off versus Chris Thorburn in Knights zone.
13:43 of 3rd period - Slapshot by Chris Thorburn.
13:43 of 3rd period - Shot Misses the Net.
13:45 of 3rd period - Slapshot by Tomas Kundratek.
13:45 of 3rd period - Shot Misses the Net.
14:05 of 3rd period - Slapshot by Mats Zuccarello.
14:05 of 3rd period - Stopped by Loïc Lacasse with a rebound.
14:35 of 3rd period - Snap shot by Garnet Exelby.
14:35 of 3rd period - Deflect By Alexander Perezhogin.
14:35 of 3rd period - Stopped by Loïc Lacasse with a rebound.
14:37 of 3rd period - Slapshot by Zbynek Michalek.
14:37 of 3rd period - Stopped by Loïc Lacasse without a rebound.
14:38 of 3rd period - Zack Hamill wins face-off versus Chris Neil in Wolves zone.
14:48 of 3rd period - Icing by Zack Hamill.
14:49 of 3rd period - Chris Thorburn wins face-off versus Mike Zigomanis in Knights zone.
15:28 of 3rd period - Penalty to Niklas Hjalmarsson is over, Niklas Hjalmarsson is back on ice.
15:28 of 3rd period - Penalty to Cody McLeod is over, Cody McLeod is back on ice.
15:36 of 3rd period - Wrist shot by Alexander Perezhogin.
15:36 of 3rd period - Stopped by Dany Sabourin with a rebound.
15:38 of 3rd period - Backhand shot by Nate Guenin.
15:38 of 3rd period - Stopped by Dany Sabourin with a rebound.
15:40 of 3rd period - Slapshot by Willie Mitchell.
15:40 of 3rd period - Shot Misses the Net.
15:42 of 3rd period - Snap shot by Chris Neil.
15:42 of 3rd period - Shot Hit the Post.
15:44 of 3rd period - Backhand shot by Willie Mitchell.
15:44 of 3rd period - Deflect By Cody McLeod.
15:44 of 3rd period - Shot Misses the Net.
15:44 of 3rd period - Puck is out of play.
15:45 of 3rd period - Zack Hamill wins face-off versus Dan Fritsche in Knights zone.
15:45 of 3rd period - Zack Hamill is hit by Milan Bartovic.
15:55 of 3rd period - Wrist shot by Zack Hamill.
15:55 of 3rd period - Stopped by Loïc Lacasse without a rebound.
15:56 of 3rd period - Nathan Gerbe wins face-off versus Dan Fritsche in Wolves zone.
15:57 of 3rd period - Snap shot by Chris Thorburn.
15:57 of 3rd period - Stopped by Loïc Lacasse with a rebound.
16:57 of 3rd period - Minor Penalty to Marc Methot for Slashing.
16:58 of 3rd period - Chris Neil wins face-off versus Nathan Gerbe in Wolves zone.
17:03 of 3rd period - Wrist shot by Nathan Gerbe.
17:03 of 3rd period - Shot Misses the Net.
17:05 of 3rd period - Snap shot by Kyle Greentree.
17:05 of 3rd period - Stopped by Loïc Lacasse without a rebound.
17:06 of 3rd period - Chris Neil wins face-off versus Nathan Gerbe in Wolves zone.
17:19 of 3rd period - Slapshot by Zbynek Michalek.
17:19 of 3rd period - Goal by Zbynek Michalek - Wolves : 7 - Knights : 4.
17:20 of 3rd period - Chris Neil wins face-off versus Nathan Gerbe in neutral zone.
17:45 of 3rd period - Nick Palmieri is hit by Nate Guenin and loses puck.
18:01 of 3rd period - Minor Penalty to Colton Gillies for Goalie Interference.
18:02 of 3rd period - Mike Zigomanis wins face-off versus Chris Thorburn in Knights zone.
18:15 of 3rd period - Zbynek Michalek is hit by Mike Zigomanis and loses puck.
19:31 of 3rd period - Snap shot by Kyle Greentree.
19:31 of 3rd period - Stopped by Loïc Lacasse with a rebound.
19:38 of 3rd period - Icing by Rich Peverley.
19:39 of 3rd period - Chris Thorburn wins face-off versus Rich Peverley in Wolves zone.
Output by the SimonT Hockey Simulator (STHS) for François Prévost -- Original Page W3C XHTML 1.0 Valid